 Dungeon Crawl Stone Soup version 0.23.1 (webtiles) character file.

Game seed: 10766164764121977900

39 VinVan the Shield-Bearer (level 3, 0/30 HPs)
             Began as a Formicid Fighter on Mar 31, 2019.
             Slain by an orc wizard
             ... wielding a +3 dagger of freezing
              (2 damage)
             ... on level 2 of the Dungeon.
             The game lasted 00:07:10 (1168 turns).

VinVan the Shield-Bearer (Formicid Fighter)         Turns: 1168, Time: 00:07:10

Health: 0/30       AC:  6    Str: 21    XL:     3   Next: 70%
Magic:  3/3        EV:  8    Int:  7    God:
Gold:   78         SH:  9    Dex: 10    Spells: 2/2 levels left

rFire    . . .     SeeInvis +   a - +0 war axe
rCold    . . .     Gourm    .   c - +0 shield
rNeg     . . .     Faith    .   b - +0 scale mail
rPois    .         Spirit   .   (helmet unavailable)
rElec    .         Reflect  .   (no cloak)
rCorr    .         Harm     .   (no gloves)
MR       .....                  (no boots)
Stlth    ..........             (no amulet)
HPRegen  0.10/turn              (no ring)
MPRegen  0.08/turn              (no ring)

@: no status effects
A: permanent stasis, dig shafts and tunnels, four strong arms, antennae 3
a: Dig, Shaft Self


You were on level 2 of the Dungeon.
You were not hungry.

You visited 1 branch of the dungeon, and saw 2 of its levels.

You collected 78 gold pieces.

Inventory:

Hand Weapons
 a - a +0 war axe (weapon)
 g - a +0 spear
 m - a +0 club
 n - a +3 hand axe
 s - a +0 club
 t - a cursed -3 short sword
Missiles
 h - 2 needles of confusion
 l - 36 stones (quivered)
Armour
 b - a +0 scale mail (worn)
 c - a +0 shield (worn)
 j - a +0 leather armour
 k - a +0 helmet
Jewellery
 i - an uncursed ring of protection from fire {unknown}
Scrolls
 p - a scroll of fear {unknown}
 q - a scroll of amnesia {unknown}
 u - a scroll of teleportation {unknown}
Potions
 d - a potion of might
 e - a potion of haste {unknown}
 r - a potion of agility {unknown}
Comestibles
 f - a ration
 o - a chunk of flesh


   Skills:
 + Level 3.7 Fighting
 + Level 2.6 Axes
 + Level 3.6 Armour
 + Level 0.3 Stealth
 + Level 4.1 Shields


You had 2 spell levels left.
You didn't know any spells.
Your spell library was empty.

Dungeon Overview and Level Annotations

Branches:
Dungeon (2/15)

Altars:
Cheibriados


Innate Abilities, Weirdness & Mutations

You cannot be hasted, slowed, berserked, paralysed or teleported.
You can dig through walls and to a lower floor.
Your four strong arms can wield two-handed weapons with a shield.
You have a pair of large antennae on your head. (SInv)


Message History

The orc hits you but does no damage.
You hit the orc wizard.
The orc wizard is severely wounded.
You hit the orc.
The orc wizard hits you with a +3 dagger of freezing.
* * * LOW HITPOINT WARNING * * *
The orc wizard freezes you.
* * * LOW HITPOINT WARNING * * *
You block the orc wizard's attack. You block the orc's attack.
The orc hits you but does no damage.
The orc wizard hits you but does no damage.
You block the orc priest's attack.
Things that are here:
a +0 whip; a cursed +0 ring mail; an orc corpse You are too injured to fight recklessly!
You hit the orc priest but do no damage.
The orc priest is lightly wounded.
You closely miss the orc. You hit the orc wizard.
The orc wizard hits you with a +3 dagger of freezing.
You die...

#.# # #.# #.#. #.# .>
.... #.# ... ...^
#.####.# #.. #....w.# #
.... #.....>#.# ....
#o.....#. #....
#######@o...... #.#.#
.....$o.#'##.#. #.#.#
.######.#.##.# #....
#...........#.### #.#.#
#................ #....
########.##########....
......................
#######.########...#.#
#.# #.....#


You could see a worm, an orc priest, an orc wizard and an orc.

Vanquished Creatures
  An adder (D:2)
  A worm (D:2)
  A dart slug (D:2)
  2 orcs (D:2)
  A ball python (D:1)
  A giant cockroach (D:2)
  3 goblins
  A hobgoblin (D:1)
  3 kobolds
  A quokka (D:2)
  2 bats (D:1)
  2 frilled lizards
  4 rats (D:1)
23 creatures vanquished.

Notes
Turn   | Place    | Note
-------+----------+-------------------------------------------
     0 | D:1      | VinVan the Formicid Fighter began the quest for the Orb.
     0 | D:1      | Reached XP level 1. HP: 18/18 MP: 1/1
   102 | D:1      | You fall through a shaft!
   102 | D:2      | Found a snail-covered altar of Cheibriados.
   356 | D:1      | Reached XP level 2. HP: 24/24 MP: 2/2
  1055 | D:2      | Reached skill level 4 in Shields
  1055 | D:2      | Reached XP level 3. HP: 30/30 MP: 3/3
  1168 | D:2      | Slain by an orc wizard

Skill      XL: |  1  2 |
---------------+-------+-----
Shields        | 4 |  4.1
Fighting       | |  3.7
Axes           | |  2.6
Armour         | |  3.6
Stealth        | |  0.3

Action                   || total
-------------------------++-------
Melee: War axe           ||    77
  Eat: Chunk             ||     1
Armor: Scale mail        ||    49
Dodge: Dodged            ||    30
Block: Shield            ||    57
